 Dungeon Crawl Stone Soup version 0.30-a0-881-g1ff12e1e11 (webtiles) character file.

Game seed: 13807954355641395752

1591 avis the Ruffian (level 8, -5/102 HPs)
             Began as a Hill Orc Transmuter on Mar 15, 2023.
             Was an Initiate of Beogh.
             Slain by a komodo dragon (11 damage)
             ... on level 6 of the Dungeon.
             The game lasted 00:45:00 (7495 turns).

avis the Ruffian (Hill Orc Transmuter)              Turns: 7495, Time: 00:45:01

Health: -5/102     AC: 24    Str: 15    XL:     8   Next: 93%
Magic:  0/12       EV:  2    Int: 13    God:    Beogh [......]
Gold:   381        SH:  4    Dex: 11    Spells: 0/13 levels left

rFire   + . .      SeeInvis .    e - staff of poison
rCold   . . .      Faith    .    d - +0 buckler
rNeg    . . .      Spirit   +    a - melded +0 robe
rPois   +          Reflect  .    o - melded +0 helmet
rElec   .          Rampage  .    N - melded +0 cloak
rCorr   .          NoTele   +    v - melded +0 pair of gloves
Will    .....                    (boots currently unavailable)
Stlth   +                        l - amulet of guardian spirit
HPRegen 0.37/turn                Q - ring of protection from fire
MPRegen 0.13/turn                (no ring)

@: mighty, tree-form, invisible
A: stationary, stasis, torment immunity, boosted hp
a: Renounce Religion


You were on level 6 of the Dungeon.
You worshipped Beogh.
Beogh was noncommittal.
You were a tree.
You visited 1 branch of the dungeon, and saw 6 of its levels.

You collected 381 gold pieces.

Inventory:

Hand Weapons
 n - a +0 sling
 r - a +1 mace of draining
 t - a +0 dagger of venom
 w - a +0 halberd
 B - a +2 dagger of pain
 D - a +2 flail of protection
 E - a +0 spear
 F - a +0 sling
 L - a +0 shortbow
 O - a +0 spear
 R - a +0 giant spiked club
Missiles
 z - 2 boomerangs
Armour
 a - a +0 robe (melded)
 d - a +0 buckler (worn)
 o - a +0 helmet (melded)
 v - a +0 pair of gloves (melded)
 G - a +0 chain mail
 H - a +0 chain mail
 N - a +0 cloak (melded)
Magical Staves
 e - a staff of poison (weapon)
 M - a staff of air
 P - a staff of conjuration
Jewellery
 l - an amulet of guardian spirit (around neck)
 Q - a ring of protection from fire (left branch)
Wands
 s - a wand of polymorph (6)
 u - a wand of digging (4)
Scrolls
 c - 2 scrolls of identify
 f - 3 scrolls of teleportation {unknown}
 h - 5 scrolls of magic mapping {unknown}
 i - a scroll of fear
 j - 2 scrolls of enchant weapon {unknown}
 m - 2 scrolls of blinking
 x - 4 scrolls of poison {unknown}
 y - a scroll of immolation
 A - a scroll of amnesia
 C - a scroll of fog
 K - 2 scrolls of vulnerability {unknown}
Potions
 k - a potion of might
 q - a potion of attraction
 I - 2 potions of mutation


   Skills:
 - Level 5.0 Fighting
 * Level 1.9 Dodging
 - Level 4.0 Shields
 - Level 6.0 Unarmed Combat
 - Level 3.0 Spellcasting
 - Level 4.0 Transmutations
 - Level 4.0 Ice Magic
 - Level 2.0 Poison Magic


You couldn't memorise any spells.
You knew the following spells:

 Your Spells              Type           Power      Damage    Failure   Level
a - Beastly Appendage     Tmut           24%        N/A       5%          1
e - Wereblood             Tmut           12%        N/A       9%          2
o - Ozocubu's Armour      Ice            12%        N/A       17%         3
p - Spider Form           Tmut/Pois      14%        N/A       26%         3
q - Ice Form              Ice/Tmut       12%        N/A       50%         4

Your spell library contained the following spells:

 Spells                   Type           Power      Damage    Failure   Level
 Ensorcelled Hibernation  Hex/Ice        14%        N/A       19%         2
 Passwall                 Tmut/Erth      5%         N/A       19%         2
 Swiftness                Air            1%         N/A       65%         3
 Metabolic Englaciation   Hex/Ice        3%         N/A       98%         5
 Simulacrum               Ice/Necr       3%         N/A       100%        6


Dungeon Overview and Level Annotations

Branches:
Dungeon (6/15)
 Temple: D:4-7

Altars:
Fedhas
Okawaru
Trog
Wu Jian

Annotations:
D:3 3 runed translucent doors, epsilonplus's ghost, amateur BaHu


Message History

* * * LOW HITPOINT WARNING * * *
The komodo dragon bites you.
* * * LOW HITPOINT WARNING * * *
You feel very mighty all of a sudden. You block the komodo dragon's attack.
You are confused.
You feel invigorated. The komodo dragon bites you.
* * * LOW HITPOINT WARNING * * *
The komodo dragon bites you.
* * * LOW HITPOINT WARNING * * *
The komodo dragon barely misses you. The komodo dragon bites you!
* * * LOW HITPOINT WARNING * * *
The komodo dragon bites you!
* * * LOW HITPOINT WARNING * * *
You feel less invigorated.
You feel less confused.
A shadow imp comes into view.
The komodo dragon bites you but does no damage.
The komodo dragon bites you.
* * * LOW HITPOINT WARNING * * *
You fade into invisibility!
The komodo dragon bites you but does no damage.
You barely miss the komodo dragon.
The komodo dragon bites you but does no damage.
You barely miss the komodo dragon. The komodo dragon bites you!
* * * LOW HITPOINT WARNING * * *
You barely miss the komodo dragon.
The komodo dragon bites you but does no damage.
You hit the komodo dragon!
The komodo dragon is lightly wounded.
You block the komodo dragon's attack. The komodo dragon bites you!
* * * LOW HITPOINT WARNING * * *
You closely miss the komodo dragon.
The komodo dragon is lightly wounded.
The komodo dragon bites you but does no damage.
You feel better. The komodo dragon bites you!
* * * LOW HITPOINT WARNING * * *
You feel better. The komodo dragon bites you!
You die...

#†# #.... #.#
#.... #.# ...#
.. #.# .. .. #.#
## ##.####.# ..#
#.....#.# ...#
#...#####....##
#.....♣........
##....l###....##
##.###...# ####
#.###.....#
####....#..#
......##....
###..... .h..
##..... ....
##.#.. ....


You could see a komodo dragon (unable to see you).

Vanquished Creatures
  A troll (D:6)
  An ice beast (D:4)
  3 black bears
  A centaur (D:5)
  3 ogres
  2 bullfrogs (D:6)
  3 hounds
  Ijyb (D:3)
  Terence (D:3)
  3 iguanas
  2 orc wizards
  Robin (D:2)
  3 gnolls (D:4)
  10 adders
  3 white imps
  2 worms (D:2)
  2 dart slugs
  12 orcs
  8 ball pythons
  6 endoplasms
  3 giant cockroaches
  18 goblins
  11 hobgoblins
  6 jackals
  4 kobolds
  3 quokkas
  4 bats
  4 frilled lizards
  4 rats
125 creatures vanquished.

Notes
Turn   | Place    | Note
-------+----------+-------------------------------------------
     0 | D:1      | avis the Hill Orc Transmuter began the quest for the Orb.
     0 | D:1      | Reached XP level 1. HP: 16/16 MP: 3/3
   187 | D:1      | Reached XP level 2. HP: 19/25 MP: 2/4
   590 | D:1      | Reached skill level 1 in Shields
   669 | D:1      | Reached XP level 3. HP: 29/31 MP: 3/5
   673 | D:1      | Learned a level 3 spell: Spider Form
  1595 | D:2      | Reached skill level 1 in Poison Magic
  1732 | D:2      | Reached XP level 4. HP: 38/38 MP: 3/6
  1735 | D:2      | Learned a level 2 spell: Wereblood
  1883 | D:2      | Noticed Robin
  1899 | D:2      | Killed Robin
  2595 | D:3      | Found a blossoming altar of Fedhas.
  2720 | D:3      | Found a runed translucent gate.
  2721 | D:3      | Found a runed translucent gate.
  2722 | D:3      | Found a runed translucent gate.
  2722 | D:3      | Noticed epsilonplus's ghost (amateur BaHu)
  2762 | D:3      | Noticed Ijyb
  2930 | D:3      | Killed Ijyb
  2931 | D:3      | Reached XP level 5. HP: 29/45 MP: 3/8
  3392 | D:3      | Noticed Terence
  3403 | D:3      | Killed Terence
  3942 | D:4      | Noticed an ogre
  3953 | D:4      | Killed an ogre
  3954 | D:4      | Reached XP level 6. HP: 51/51 MP: 6/9
  3964 | D:4      | Noticed an ice beast
  4601 | D:4      | Noticed a black bear
  4608 | D:4      | Killed a black bear
  4609 | D:4      | Reached XP level 7. HP: 50/57 MP: 7/11
  4639 | D:4      | Learned a level 3 spell: Ozocubu's Armour
  4761 | D:4      | Became a worshipper of Beogh the Brigand
  5073 | D:4      | Reached skill level 1 in Ice Magic
  5481 | D:5      | Entered Level 5 of the Dungeon
  5653 | D:5      | Found an iron altar of Okawaru.
  6321 | D:5      | Reached XP level 8. HP: 39/63 MP: 4/12
  6787 | D:5      | Found an ornate altar of the Wu Jian Council.
  6973 | D:6      | Found a bloodstained altar of Trog.
  7276 | D:6      | Noticed a troll
  7289 | D:6      | Killed a troll
  7290 | D:6      | Reached skill level 5 in Fighting
  7290 | D:6      | Reached skill level 4 in Unarmed Combat
  7437 | D:6      | Learned a level 4 spell: Ice Form
  7459 | D:6      | Reached skill level 5 in Unarmed Combat
  7475 | D:6      | Reached skill level 6 in Unarmed Combat
  7475 | D:6      | Noticed a komodo dragon
  7492 | D:6      | HP: 4/102 [komodo dragon (12)]
  7494 | D:6      | HP: 1/102 [komodo dragon (11)]
  7495 | D:6      | Slain by a komodo dragon

Illustrated notes

Levels and vault maps discovered:
D:1:      dpeg_arrival_windows_large_door, layout_basic
D:2:      layout_loops_corners, uniq_robin
D:3:      layout_basic, overflow_temple_1_default, serial_corexii_hall,
          corexii_hall_statues_l, corexii_hall_statues_l, gammafunk_ghost_split,
          uniq_ijyb, uniq_terence
D:4:      layout_gridville
D:5:      minmay_octagon_keep, layout_loops_ring,
          nicolae_overflow_hidden_temple, okawaru_metal_pillars_1_2
D:6:      layout_basic, mainiacjoe_overflow_swirl,
          mainiacjoe_overflow_tiny_flanked, kb_rosetta

Skill      XL: |  1  2  3  4  5  6  7  8 |
---------------+-------------------------+-----
Fighting       | 2 3 5 |  5.0
Shields        | 1 2 4 |  4.0
Poison Magic   | 1 2 |  2.0
Spellcasting   | 2 3 |  3.0
Transmutations | 2 3 4 |  4.0
Ice Magic      | 3 4 |  4.0
Unarmed Combat | 6 |  6.0
Dodging        | |  1.9

Action                     |  1- 3 |  4- 6 |  7- 9 || total
---------------------------+-------+-------+-------++-------
  Melee: Unarmed           |    12 |    46 |   107 ||   165
         Kick              |    17 |    26 |     8 ||    51
         Headbutt          |    11 |    27 |     8 ||    46
         Staff             |    75 |   147 |    72 ||   294
   Cast: Beastly Appendage |    29 |    34 |    10 ||    73
         Spider Form       |       |    10 |    15 ||    25
         Wereblood         |       |     1 |       ||     1
         Ozocubu's Armour  |       |       |     9 ||     9
 Invoke: Convert to Beogh  |       |       |     1 ||     1
    Use: Potion            |       |     1 |     8 ||     9
         Scroll            |       |       |    10 ||    10
   Stab: Sleeping          |       |     3 |       ||     3
 Armour: Robe              |    17 |    35 |    26 ||    78
         Skin              |       |    24 |    25 ||    49
  Dodge: Dodged            |    36 |   115 |   126 ||   277
  Block: Buckler           |    14 |    33 |    18 ||    65

Table legend: (Time is in decaauts)
 A = Elapsed time spent in this place.
 B = Non-inter-level travel time spent in this place.
 C = Inter-level travel time spent in this place.
 D = Time resting spent in this place.
 E = Time spent auto-exploring this place.
 F = Levels seen in this place.
 G = Mean time per level.
                   A        B        C        D        E       F      G
               +--------+--------+--------+--------+--------+-----+--------+
         Total |   7553 |   6646 |    907 |   1557 |   3288 |   6 | 1258.8 |
       Dungeon |   7553 |   6646 |    907 |   1557 |   3288 |   6 | 1258.8 |
               +--------+--------+--------+--------+--------+-----+--------+

Top non-repeatable levels by time:
     D:4: 1638 daAuts
     D:2: 1576 daAuts
     D:1: 1429 daAuts
     D:5: 1299 daAuts
     D:3: 1046 daAuts
     D:6: 563 daAuts
